 Dungeon Crawl Stone Soup version 0.24.0-13-gcf9b319 (webtiles) character file.

Game seed: 9755244643382709841, levelgen mode: deterministic

107 Bronimir the Grasshopper (level 4, 0/37 HPs)
             Began as a Centaur Warper on Mar 30, 2020.
             Slain by Ijyb
             ... wielding a +5 club
              (6 damage)
             ... on level 3 of the Dungeon.
             The game lasted 00:05:19 (3472 turns).

Bronimir the Grasshopper (Centaur Warper)           Turns: 3472, Time: 00:05:19

Health: 0/37       AC:  4    Str: 14    XL:     4   Next: 56%
Magic:  3/6        EV:  9    Int: 12    God:
Gold:   107        SH:  0    Dex:  9    Spells: 2/6 levels left

rFire    . . .     SeeInvis .   a - +0 spear
rCold    . . .     Gourm    .   (no shield)
rNeg     . . .     Faith    .   g - +0 leather armour
rPois    .         Spirit   .   (no helmet)
rElec    .         Reflect  .   (no cloak)
rCorr    .         Harm     .   (no gloves)
MR       .....                  (no barding)
Stlth    ..........             (no amulet)
HPRegen  0.12/turn              (no ring)
MPRegen  0.10/turn              (no ring)

@: very slightly contaminated, very quick
A: large, hooves 3, deformed body, speed 2, tough skin 3
a: no special abilities


You were on level 3 of the Dungeon.
You were not hungry.

You visited 1 branch of the dungeon, and saw 3 of its levels.

You collected 107 gold pieces.

Inventory:

Hand Weapons
 a - a +0 spear (weapon)
 b - a +0 hunting sling
Missiles
 e - 5 boomerangs of dispersal
 i - 33 stones
 k - 26 bolts
 n - 8 poisoned darts (quivered)
Armour
 g - a +0 leather armour (worn)
 j - a +0 ring mail
 t - a +2 scale mail of poison resistance
Jewellery
 s - an uncursed ring of magical power {unknown}
Scrolls
 d - a scroll of blinking
 h - a scroll of fear
 p - a scroll of remove curse
 q - 2 scrolls of identify
Potions
 c - 3 potions of magic {unknown}
 o - 2 potions of curing {unknown}
Comestibles
 f - 3 rations
 r - 3 chunks of flesh


   Skills:
 + Level 2.6 Fighting
 * Level 2.6 Polearms
 + Level 0.8(1.3) Slings
 + Level 1.5(1.7) Throwing
 * Level 1.5 Armour
 + Level 2.0 Dodging
 + Level 1.7 Spellcasting
 + Level 2.6 Translocations


You had 2 spell levels left.
You knew the following spells:

 Your Spells              Type           Power        Failure   Level  Hunger
a - Blink                 Tloc           N/A          17%         2    ###....
b - Shroud of Golubria    Chrm/Tloc      #.....       30%         2    ###....

Your spell library contained the following spells:

 Spells                   Type           Power        Failure   Level  Hunger
 Gell's Gravitas          Tloc           #.........   34%         3    ####...
 Lesser Beckoning         Tloc           #.........   34%         3    ####...
 Teleport Other           Tloc           #.......     34%         3    ####...
 Passage of Golubria      Tloc           N/A          75%         4    #####..


Dungeon Overview and Level Annotations

Branches:
Dungeon (3/15)

Altars:
Dithmenos

Annotations:
D:3 Ijyb


Innate Abilities, Weirdness & Mutations

You have hooves in place of feet.
Armour fits poorly on your strangely shaped body.
You cover ground very quickly.
You have extremely tough skin. (AC +3)


Message History

You completely miss Ijyb. Your kick misses Ijyb.
Ijyb is heavily wounded.
You hit Ijyb but do no damage.
Ijyb is heavily wounded.
Ijyb hits you but does no damage.
You closely miss Ijyb. Your kick misses Ijyb.
Ijyb is heavily wounded.
Ijyb hits you with a +5 club.
* * * LOW HITPOINT WARNING * * *
You hit Ijyb but do no damage.
Ijyb is heavily wounded.
Ijyb hits you with a +5 club.
* * * LOW HITPOINT WARNING * * *
You hit Ijyb.
Ijyb is severely wounded.
Ijyb barely misses you.
You hit Ijyb but do no damage. You kick Ijyb.
Ijyb is almost dead.
Ijyb hits you with a +5 club.
You die...

####### #.....######### ###
#.............# #..
#.....####....# #.# ###.####
#....###.# #......###......#.#
#......##..@..#.#.#
#......##.#g..#.#.#
#......##.#.###.#.#
#######)#####.)<......#
##...###.#########.....########
.................'....>........
..............####....(########
##...########.# #####.# #...#
.# #####.###


You could see Ijyb.

Vanquished Creatures
  A crimson imp (D:3)
  2 adders (D:2)
  3 worms (D:2)
  A dart slug (D:2)
  A leopard gecko (D:3)
  2 orcs
  2 giant cockroaches
  4 goblins
  6 hobgoblins
  4 jackals
  6 kobolds
  2 quokkas (D:2)
  2 bats (D:1)
  A frilled lizard (D:2)
  A rat (D:1)
38 creatures vanquished.

Notes
Turn   | Place    | Note
-------+----------+-------------------------------------------
     0 | D:1      | Bronimir the Centaur Warper began the quest for the Orb.
     0 | D:1      | Reached XP level 1. HP: 17/17 MP: 3/3
   582 | D:1      | Reached XP level 2. HP: 22/24 MP: 4/4
  1444 | D:2      | Reached skill level 1 in Armour
  1447 | D:2      | Reached XP level 3. HP: 17/29 MP: 5/5
  2182 | D:2      | Found a shadowy altar of Dithmenos.
  2769 | D:3      | Noticed Ijyb
  2995 | D:2      | Reached XP level 4. HP: 33/37 MP: 6/6
  3164 | D:3      | Learned a level 2 spell: Blink
  3167 | D:3      | Learned a level 2 spell: Shroud of Golubria
  3472 | D:3      | Slain by Ijyb

Levels and vault maps discovered:
D:1:      dpeg_arrival_chase, layout_loops_corners
D:2:      layout_basic, nicolae_dithmenos_through_a_glass_darkly, first_ration
D:3:      layout_basic, zin_academy, uniq_ijyb

Skill      XL: |  1  2  3  4 |
---------------+-------------+-----
Polearms       | 2 |  2.6
Armour         | 1 |  1.5
Dodging        | 2 |  2.0
Fighting       | |  2.6
Slings         | |  0.8
Throwing       | |  1.5
Spellcasting   | |  1.7
Translocations | |  2.6

Action                   |  1- 3 |  4- 6 || total
-------------------------+-------+-------++-------
Melee: Spear             |   137 |    16 ||   153
       Kick              |    15 |     2 ||    17
       Unarmed           |       |    14 ||    14
 Fire: Hunting sling     |     8 |    22 ||    30
Throw: Dart              |    43 |       ||    43
 Cast: Shroud of Golubri |       |     1 ||     1
  Use: Scroll            |       |     6 ||     6
  Eat: Chunk             |     5 |     1 ||     6
Armor: Leather armour    |    45 |     7 ||    52
Dodge: Dodged            |    81 |    16 ||    97
